 Dungeon Crawl Stone Soup version 0.22.1-1-ga44c0e5 (webtiles) character file.

5714 HoaS the Fighter (level 10, -6/68 HPs)
             Began as a Gargoyle Berserker on Oct 21, 2018.
             Was a High Priest of Trog.
             Mangled by an orc warrior
             ... wielding a +0 broad axe
              (9 damage)
             ... in a bailey.
             The game lasted 00:28:12 (6956 turns).

HoaS the Fighter (Gargoyle Berserker)               Turns: 6956, Time: 00:28:13

Health: -6/68      AC: 23    Str: 24    XL:     10   Next: 76%
Magic:  10/10      EV:  7    Int:  8    God:    Trog [*****.]
Gold:   276        SH:  0    Dex:  9    Spells: 9/9 levels left

rFire    . . .     SeeInvis +     - Unarmed
rCold    . . .     Gourm    .   (no shield)
rNeg     + . .     Faith    .   x - +3 plate armour
rPois    ∞         Spirit   .   (no helmet)
rElec    +         Reflect  .   (no cloak)
rCorr    .         Harm     .   (no gloves)
MR       .....                  (no boots)
Stlth    ..........             (no amulet)
HPRegen  0.21/turn              C - ring of see invisible
MPRegen  0.12/turn              (no ring)

@: berserk cooldown, slowed, very slow
A: negative energy resistance 1, electricity resistance, unbreathing,
petrification resistance, rot immunity, AC +7
a: Berserk, Trog's Hand, Brothers in Arms, Renounce Religion


You were in a bailey.
You worshipped Trog.
Trog was extremely pleased with you.
You were very hungry.

You visited 1 branch of the dungeon, and saw 9 of its levels.
You also visited: Sewer and Bailey.

You collected 445 gold pieces.
You spent 169 gold pieces at shops.

Inventory:

Hand Weapons
 w - a +2 shortbow
Missiles
 k - 140 arrows
Armour
 x - a +3 plate armour (worn)
Jewellery
 C - a ring of see invisible (left hand)
Wands
 f - a wand of flame (31)
 i - a wand of iceblast (4)
 l - a wand of paralysis (29)
Scrolls
 d - 2 scrolls of fear
 e - 5 scrolls of teleportation
 g - 3 scrolls of remove curse
 u - a scroll of blinking
Potions
 h - 4 potions of agility
 m - 3 potions of mutation
 p - 2 potions of ambrosia
 q - 3 potions of might
 r - 5 potions of heal wounds
 s - 2 potions of flight {unknown}
 t - 6 potions of curing
 v - 2 potions of lignification
 z - 2 potions of berserk rage {unknown}
Comestibles
 a - 9 chunks of flesh
 b - 19 rations


   Skills:
 - Level 10.0 Fighting
 * Level 6.6 Bows
 - Level 7.0 Armour
 - Level 1.5 Dodging
 - Level 10.0 Unarmed Combat


You had 9 spell levels left.
You didn't know any spells.
Your spell library was empty.

Dungeon Overview and Level Annotations

Branches:
Dungeon (9/15)             Temple (0/1) D:7
   Lair: D:8-11         Orc: D:9-12

Altars:
Cheibriados
Hepliaklqana

Shops:
D:5 *


Innate Abilities, Weirdness & Mutations

You are resistant to torment.
Your stone body is resilient. (AC +7)
You are immune to poison.
You resist negative energy. (rN+)
You are resistant to electric shocks. (rElec)
You can survive without breathing.
You are immune to petrification.
You are immune to rotting.


Message History

The orc warrior hits you but does no damage.
Items here: )))) [[[[ †† You closely miss the orc warrior.
The orc warrior hits you with a broad axe!
* * * LOW HITPOINT WARNING * * *
You barely miss the orc warrior. You pummel the orc warrior!!
The orc warrior is severely wounded.
The orc warrior barely misses you.
You hit the orc warrior.
The orc warrior is almost dead.
The orc warrior hits you but does no damage.
Your plate armour prevents you from hitting the orc warrior.
The orc warrior is almost dead.
The orc warrior closely misses you.
The gnoll shouts!
You hit the orc warrior but do no damage.
The orc warrior is almost dead.
The orc warrior hits you with a broad axe!
You die...

#'###≈.≈###+#
#^...≈(≈(...#
#'###≈.≈###+#
#..((≈.≈(...#
#'###≈(≈###+#
#....≈.≈(.(^#
#'###≈.≈###'#
#...(≈.≈(...#
#'###≈@≈###'#
#....≈o≈....#
#'###≈o≈###'#
#...(≈o≈(...#
#'###≈g≈###'#
#....≈g≈....#
######o######
#.g.# #...#


You could see 2 orc warriors, a gnoll, 2 orcs and 2 hobgoblins.

Vanquished Creatures
  Erica (D:9)
  A two-headed ogre (D:9)
  Pikel (D:5)
  An ugly thing (D:7)
  A hungry ghost (D:5)
  A steam dragon (D:8)
  Edmund (D:6)
  7 orc warriors
  2 black bears (D:8)
  An eye of draining (D:8)
  An ice beast (D:6)
  3 ogres (D:8)
  2 phantoms
  A centaur (D:8)
  A big kobold (Sewer)
  2 bullfrogs
  A wyvern zombie (D:7)
  3 scorpions
  A crimson imp (D:6)
  A centaur zombie (D:9)
  A bullfrog zombie (D:7)
  3 hounds
  3 orc priests
  A jelly (D:7)
  5 centaur skeletons
  4 iguanas
  8 orc wizards
  5 worker ants
  A hound skeleton (D:8)
  A hound zombie (D:5)
  16 gnolls
  8 adders
  A howler monkey skeleton (D:5)
  2 shadow imps (D:7)
  An adder zombie (D:8)
  An adder skeleton (D:6)
  3 worms
  2 dart slugs
  4 leopard geckos
  21 orcs
  10 ball pythons
  4 bats
  9 giant cockroaches
  11 goblins
  9 hobgoblins
  12 jackals
  33 kobolds
  5 quokkas
  2 frilled lizards
  A quokka zombie (D:5)
  9 rats
229 creatures vanquished.

Vanquished Creatures (others)
  A slave (D:5)
  2 orc priests (D:5)
  A shadow imp (D:5)
  An orc (D:5)
  A giant cockroach (D:5)
6 creatures vanquished.

Grand Total: 235 creatures vanquished

Notes
Turn   | Place    | Note
-------+----------+-------------------------------------------
     0 | D:1      | HoaS the Gargoyle Berserker began the quest for the Orb.
     0 | D:1      | Reached XP level 1. HP: 14/14 MP: 1/1
   318 | D:1      | Reached XP level 2. HP: 19/19 MP: 2/2
   723 | D:2      | Reached XP level 3. HP: 17/24 MP: 3/3
  1162 | D:2      | Reached XP level 4. HP: 28/29 MP: 4/4
  1194 | D:2      | Reached ** piety under Trog
  1672 | D:3      | Reached XP level 5. HP: 27/34 MP: 5/5
  1912 | D:3      | Reached skill level 5 in Fighting
  2088 | D:4      | Reached XP level 6. HP: 40/40 MP: 6/6
  2089 | D:4      | Noticed a phantom
  2167 | D:4      | Killed a phantom
  2167 | D:4      | Reached skill level 5 in Unarmed Combat
  2237 | D:4      | Reached XP level 7. HP: 38/45 MP: 7/7
  2245 | D:4      | Reached *** piety under Trog
  2730 | D:4      | Found a glowing drain.
  2740 | Sewer    | Entered a sewer
  2963 | Sewer    | Reached **** piety under Trog
  3084 | D:4      | Found a hazy altar of Hepliaklqana.
  3151 | D:4      | Found a snail-covered altar of Cheibriados.
  3170 | D:5      | Entered Level 5 of the Dungeon
  3246 | D:5      | Noticed a hungry ghost
  3263 | D:5      | Paralysed by fainting for 10 turns
  3295 | D:5      | Killed a hungry ghost
  3302 | D:5      | Paralysed by fainting for 6 turns
  3587 | D:5      | Noticed Pikel
  3659 | D:5      | Killed Pikel
  3659 | D:5      | Reached skill level 5 in Armour
  3659 | D:5      | Reached XP level 8. HP: 49/53 MP: 8/8
  4091 | D:5      | Found Huut's General Store.
  4094 | D:5      | Bought a ration for 65 gold pieces
  4094 | D:5      | Bought a scroll of remove curse for 39 gold pieces
  4094 | D:5      | Bought a ration for 65 gold pieces
  4460 | D:6      | Noticed Edmund
  4489 | D:6      | Killed Edmund
  4496 | D:6      | Reached XP level 9. HP: 48/60 MP: 9/9
  4803 | D:7      | Reached ***** piety under Trog
  5105 | D:7      | Noticed a green ugly thing
  5126 | D:7      | Killed a green ugly thing
  5201 | D:7      | Found a staircase to the Ecumenical Temple.
  5746 | D:8      | Received a gift from Trog
  5746 | D:8      | Reached skill level 10 in Fighting
  5751 | D:8      | Reached XP level 10. HP: 64/68 MP: 0/10
  5846 | D:8      | Reached skill level 1 in Bows
  6372 | D:9      | Noticed a two-headed ogre
  6380 | D:9      | Noticed Erica
  6381 | D:9      | Killed a two-headed ogre
  6402 | D:9      | Killed Erica
  6402 | D:9      | Reached skill level 5 in Bows
  6402 | D:9      | Reached skill level 10 in Unarmed Combat
  6788 | D:9      | Found a flagged portal.
  6817 | Bailey   | Entered a bailey
  6951 | Bailey   | HP: 2/68 [orc warrior/broad axe (10)]
  6956 | Bailey   | Mangled by an orc warrior

Skill      XL: |  1  2  3  4  5  6  7  8  9 10 |
---------------+-------------------------------+-----
Fighting       | 4 5 7 8 10 | 10.0
Armour         | 3 4 5 7 |  7.0
Unarmed Combat | 4 5 6 7 9 10 | 10.0
Bows           | 6 |  6.6
Dodging        | |  1.5

Action                   |  1- 3 |  4- 6 |  7- 9 | 10-12 || total
-------------------------+-------+-------+-------+-------++-------
Melee: Unarmed           |   128 |   231 |   496 |   116 ||   971
       Punch             |     1 |     4 |    15 |     5 ||    25
 Fire: Shortbow          |       |       |       |    87 ||    87
Throw: Tomahawk          |       |       |     8 |       ||     8
Invok: Berserk           |       |     1 |     2 |     2 ||     5
       Trog's Hand       |       |     1 |     1 |       ||     2
  Use: Scroll            |     7 |     1 |    14 |     3 ||    25
  Eat: Chunk             |     1 |     5 |    14 |     4 ||    24
       Ration            |       |       |     3 |       ||     3
Armor: Scale mail        |    64 |    97 |   104 |       ||   265
       Animal skin       |     1 |       |       |       ||     1
       Chain mail        |       |       |    55 |       ||    55
       Plate armour      |       |       |   165 |    84 ||   249
Dodge: Dodged            |    90 |   100 |   187 |    43 ||   420
